 Dungeon Sprint DCSS version 0.23-a0-586-gacb4b3f (webtiles) character file.

260 JosiahThimblerig the Protected (level 6, -8/60 HPs)
             Began as a Hill Orc Fighter on Dec 18, 2018.
             Mangled by a slime creature (18 damage)
             ... in the Dungeon (Sprint I: "Red Sonja").
             The game lasted 00:02:08 (429 turns).

JosiahThimblerig the Protected (Hill Orc Fighter)    Turns: 429, Time: 00:02:09

Health: -8/60      AC:  4    Str: 19    XL:     6   Next: 17%
Magic:  6/6        EV: 10    Int: 10    God:
Gold:   162        SH: 10    Dex: 10    Spells: 5/5 levels left

rFire    . . .     SeeInvis .   a - +0 war axe
rCold    . . .     Gourm    .   c - +0 shield
rNeg     . . .     Faith    .   p - +2 robe {MR+}
rPois    .         Spirit   .   (no helmet)
rElec    .         Reflect  .   (no cloak)
rCorr    .         Harm     .   (no gloves)
MR       +....     NoTele   +   (no boots)
Stlth    +.........             (no amulet)
HPRegen  0.20/turn              (no ring)
MPRegen  0.10/turn              (no ring)

@: no status effects
A: no striking features
a: no special abilities


You were in the Dungeon.
You were not hungry.

You visited 1 branch You collected 162 gold pieces.

Inventory:

Hand Weapons
 a - a +0 war axe (weapon)
 g - a +0 giant spiked club
 l - a +0 club
 o - a +0 scythe
Armour
 b - a +0 scale mail
 c - a +0 shield (worn)
 m - a +0 chain mail
 p - a +2 robe of magic resistance (worn)
Scrolls
 k - a scroll of blinking
Potions
 d - a potion of might
 e - a potion of curing
 h - a potion of haste
 i - 2 potions of magic
 j - a potion of berserk rage
Comestibles
 f - a ration
 n - 5 chunks of flesh


   Skills:
 + Level 7.6 Fighting
 + Level 7.5 Axes
 + Level 8.4 Armour
 + Level 1.4 Dodging
 + Level 0.3 Stealth
 + Level 7.5 Shields


You had 5 spell levels left.
You didn't know any spells.
Your spell library was empty.

Dungeon Overview and Level Annotations

Branches:
Dungeon (1/1)

Altars:
Makhleb
Xom
Jiyva
Lugonu


Message History

You now have 108 gold pieces (gained 27).
You now have 135 gold pieces (gained 27).
You now have 162 gold pieces (gained 27).
You open the door.
A slime creature comes into view.
Found four altars.
The slime creature quivers.
There is an open door here.
You slash the slime creature!
The slime creature is moderately wounded.
The slime creature hits you!
You slash the slime creature!
The slime creature is moderately wounded.
The slime creature hits you!
* * * LOW HITPOINT WARNING * * *
Okay, then.
You slash the slime creature!
The slime creature is heavily wounded.
The slime creature hits you!!
You die...

###################
#<.#..'÷.#..'..#__#
#..'..#..'÷.#..@J.+
#..#####'#####+#__#
#..# #..# ### #..#
#### #..# #⌠⌠# ####


You could see a slime creature.

Vanquished Creatures
  Sigmund (D)
  An ogre (D)
  Ijyb (D)
3 creatures vanquished.

Notes
Turn   | Place    | Note
-------+----------+-------------------------------------------
     0 | D        | JosiahThimblerig the Hill Orc Fighter began the quest for
                  | the Orb.
     0 | D        | Reached XP level 1. HP: 19/19 MP: 1/1
     2 | D        | Noticed Ijyb
    22 | D        | Killed Ijyb
    22 | D        | Reached skill level 4 in Armour
    22 | D        | Reached XP level 2. HP: 11/28 MP: 2/2
    22 | D        | Reached XP level 3. HP: 14/35 MP: 3/3
   309 | D        | Noticed an ogre
   317 | D        | Killed an ogre
   317 | D        | Reached skill level 5 in Axes
   317 | D        | Reached skill level 6 in Armour
   317 | D        | Reached XP level 4. HP: 35/44 MP: 4/4
   387 | D        | Noticed Sigmund
   399 | D        | Killed Sigmund
   399 | D        | Reached skill level 8 in Armour
   399 | D        | Reached skill level 1 in Dodging
   399 | D        | Reached XP level 5. HP: 27/52 MP: 5/5
   399 | D        | Reached XP level 6. HP: 31/60 MP: 6/6
   425 | D        | Found a burning altar of Makhleb.
   425 | D        | Found a viscous altar of Jiyva.
   425 | D        | Found a shimmering altar of Xom.
   425 | D        | Found a corrupted altar of Lugonu.
   425 | D        | Noticed a slime creature
   429 | D        | Mangled by a slime creature

Vault maps used:
D:        dungeon_sprint_1

Skill      XL: |  1  2  3  4 |
---------------+-------------+-----
Fighting       | 4 6 7 |  7.6
Axes           | 3 5 7 |  7.5
Armour         | 4 6 8 |  8.4
Shields        | 4 6 7 |  7.5
Dodging        | 1 |  1.4
Stealth        | |  0.3

Action                   |  1- 3 |  4- 6 || total
-------------------------+-------+-------++-------
Melee: War axe           |    26 |    14 ||    40
  Use: Potion            |     1 |       ||     1
Armor: Scale mail        |    10 |       ||    10
       Chain mail        |       |     1 ||     1
Dodge: Dodged            |     5 |     2 ||     7
Block: Shield            |     8 |     2 ||    10

Table legend:
 A = Non-vault XP
 B = Vault XP
 C = Vault XP percentage of total XP
 D = Non-vault monster count
 E = Vault monster count
 F = Vault count percentage of total count
                 A         B        C        D         E       F
            +---------+---------+-------+---------+---------+-------
      Total |       0 |     372 | 100.0 |       0 |       3 | 100.0
            +---------+---------+-------+---------+---------+-------
          D |       0 |     372 | 100.0 |       0 |       3 | 100.0
            +---------+---------+-------+---------+---------+-------
